 Dungeon Crawl Stone Soup version 0.23.2 (webtiles) character file.

Game seed: 4001879205117762311

3977 DrKleor the Carver (level 10, -1/70 HPs)
             Began as a Formicid Fighter on Apr 9, 2019.
             Was a Priest of Okawaru.
             Slain by an orc warrior
             ... wielding a cursed -2 spear
              (9 damage)
             ... in a bailey.
             The game lasted 00:17:55 (10530 turns).

DrKleor the Carver (Formicid Fighter)              Turns: 10530, Time: 00:17:55

Health: -1/70      AC:  8    Str: 24    XL:     10   Next: 46%
Magic:  8/10       EV: 12    Int:  8    God:    Okawaru [***...]
Gold:   422        SH: 16    Dex: 10    Spells: 9/9 levels left

rFire    . . .     SeeInvis +   a - +0 long sword
rCold    . . .     Gourm    .   c - +0 shield
rNeg     . . .     Faith    .   b - +0 scale mail
rPois    .         Spirit   .   (helmet unavailable)
rElec    .         Reflect  +   (no cloak)
rCorr    .         Harm     .   (no gloves)
MR       +....                  (no boots)
Stlth    +.........             y - +3 amulet of reflection
HPRegen  0.21/turn              (no ring)
MPRegen  0.12/turn              (no ring)

@: heroism, studying Axes
A: permanent stasis, dig shafts and tunnels, four strong arms, antennae 3
a: Dig, Shaft Self, Heroism, Renounce Religion


You were in a bailey.
You worshipped Okawaru.
Okawaru was most pleased with you.
You were hungry.

You visited 1 branch of the dungeon, and saw 8 of its levels.
You also visited: Bailey.

You collected 422 gold pieces.

Inventory:

Hand Weapons
 a - a +0 long sword (weapon)
Armour
 b - a +0 scale mail (worn)
 c - a +0 shield (worn)
Jewellery
 y - a +3 amulet of reflection (around neck)
Wands
 p - a wand of iceblast (4)
 u - a wand of acid (6)
Scrolls
 e - 11 scrolls of identify
 g - 4 scrolls of magic mapping {unknown}
 h - 5 scrolls of remove curse {unknown}
 i - 4 scrolls of teleportation {unknown}
 o - a scroll of random uselessness {unknown}
 q - a scroll of immolation {unknown}
 r - a scroll of amnesia {unknown}
 t - 2 scrolls of blinking {unknown}
 v - a scroll of fog {unknown}
 z - 2 scrolls of enchant armour {unknown}
Potions
 d - 2 potions of might
 j - 4 potions of curing
 k - a potion of magic {unknown}
 m - a potion of cancellation
 n - a potion of lignification {unknown}
 s - a potion of agility
 w - 2 potions of flight {unknown}
 x - a potion of resistance {unknown}
 A - a potion of berserk rage {unknown}
 B - a potion of degeneration {unknown}
 C - a potion of mutation {unknown}
Books
 E - a manual of Axes
Comestibles
 f - 15 rations


   Skills:
 - Level 3.2(8.2) Fighting
 * Level 12.5(17.5) Long Blades
 - Level 3.2(8.2) Armour
 - Level 9.0(14.0) Shields


You had 9 spell levels left.
You didn't know any spells.
Your spell library contained the following spells:

 Spells                   Type           Power        Failure   Level  Hunger
 Sting                    Conj/Pois      #...         67%         1    ##.....


Dungeon Overview and Level Annotations

Branches:
Dungeon (8/15)             Temple (0/1) D:5
   Lair: D:8-11

Altars:
Ashenzari
Dithmenos
Elyvilon
Gozag
Kikubaaqudgha
Makhleb
Nemelex Xobeh
Okawaru
Ru
Sif Muna
Uskayaw

Shops:
D:8 :


Innate Abilities, Weirdness & Mutations

You cannot be hasted, slowed, berserked, paralysed or teleported.
You can dig through walls and to a lower floor.
Your four strong arms can wield two-handed weapons with a shield.
You have a pair of large antennae on your head. (SInv)


Message History

The orc warrior is moderately wounded.
The orc warrior hits you with a cursed -2 spear.
* * * LOW HITPOINT WARNING * * *
You block the orc's attack.
You closely miss the orc warrior.
The orc warrior is moderately wounded.
You block the orc warrior's attack.
You gain the combat prowess of a mighty hero.
You block the orc's attack. You block the orc warrior's attack.
You slash the orc warrior!
The orc warrior is severely wounded.
You block the orc's attack.
You barely miss the orc warrior.
The orc warrior is severely wounded.
You block the orc warrior's attack.
You closely miss the orc warrior.
The orc warrior is severely wounded.
You block the orc's attack.
The orc warrior hits you with a cursed -2 spear!
You die...

#≈..#.≈≈.≈.≈≈≈≈≈.≈.≈≈.#..≈#
#≈..##.≈.≈≈.)(..≈≈.≈.##..≈#
#≈..⌠#.≈≈.≈≈≈)≈≈≈.≈≈.#⌠..≈#
#≈...#..≈≈..≈.≈).≈≈..#...≈#
#≈...#.⌠.≈≈≈...≈≈≈.⌠.#.).≈#
#≈...##....≈≈≈≈≈.o..##)..≈#
#≈...)#####.....#####....≈#
##....)..⌠#######⌠.......##
##....)..@o))..........##
##......)o...........##
#########'''######### #)..#
#...# #...# { #...# .o...≈≈
........≈≈


You could see an orc warrior and an orc.

Vanquished Creatures
  A two-headed ogre (D:8)
  A hornet (D:8)
  2 hippogriffs (D:7)
  Sigmund (D:6)
  Menkaure (D:5)
  Edmund (D:6)
  6 orc warriors
  An ogre (D:6)
  A phantom (D:8)
  2 centaurs (Bailey)
  2 big kobolds
  A wyvern zombie (D:7)
  3 bullfrogs
  A scorpion (D:8)
  A howler monkey (D:7)
  2 crimson imps
  A bullfrog skeleton (D:3)
  A centaur zombie (D:6)
  A bullfrog zombie (D:8)
  2 jellies
  Crazy Yiuf (D:6)
  3 hounds
  3 orc wizards
  Ijyb (D:3)
  Natasha (thrice) (D:2)
  4 iguanas
  7 worker ants
  A hound skeleton (D:5)
  Robin (D:3)
  A gnoll (D:2)
  5 adders
  A shadow imp (D:7)
  4 oozes
  An adder skeleton (D:4)
  3 worms
  5 leopard geckos
  24 orcs
  A giant cockroach (D:3)
  19 goblins
  7 hobgoblins
  3 jackals (D:3)
  2 quokkas (D:2)
  11 bats
  7 frilled lizards
  10 kobolds
  2 leopard gecko skeletons
  6 rats
168 creatures vanquished.

Notes
Turn   | Place    | Note
-------+----------+-------------------------------------------
     0 | D:1      | DrKleor the Formicid Fighter began the quest for the Orb.
     0 | D:1      | Reached XP level 1. HP: 18/18 MP: 1/1
   401 | D:1      | Reached XP level 2. HP: 24/24 MP: 2/2
   857 | D:2      | Reached XP level 3. HP: 22/29 MP: 3/3
   946 | D:2      | Found a hide-covered altar of Uskayaw.
   990 | D:2      | Reached skill level 3 in Long Blades
  1559 | D:2      | Found an iron altar of Okawaru.
  1568 | D:2      | Reached XP level 4. HP: 33/35 MP: 4/4
  1602 | D:2      | Became a worshipper of Warmaster Okawaru
  1720 | D:3      | Found a shattered altar of Ashenzari.
  1726 | D:3      | Reached skill level 4 in Long Blades
  1726 | D:3      | Reached XP level 5. HP: 36/41 MP: 5/5
  1756 | D:3      | Noticed Ijyb
  1773 | D:3      | Killed Ijyb
  1831 | D:3      | Reached skill level 5 in Shields
  1839 | D:3      | Noticed Robin
  1839 | D:3      | Noticed Natasha
  2122 | D:2      | Killed Natasha
  2122 | D:2      | Reached XP level 6. HP: 36/47 MP: 6/6
  2253 | D:2      | Found a hide-covered altar of Uskayaw.
  2480 | D:2      | Noticed Natasha
  2491 | D:2      | Killed Natasha
  2491 | D:2      | Reached skill level 5 in Long Blades
  2514 | D:2      | Found an iron altar of Okawaru.
  2755 | D:2      | Noticed Natasha
  2768 | D:2      | Killed Natasha
  2912 | D:3      | Reached * piety under Okawaru
  3310 | D:4      | Found an opulent altar of Gozag.
  4018 | D:3      | Found a shattered altar of Ashenzari.
  4037 | D:3      | Killed Robin
  4227 | D:5      | Entered Level 5 of the Dungeon
  4269 | D:5      | Reached XP level 7. HP: 47/52 MP: 7/7
  4354 | D:5      | Reached skill level 6 in Long Blades
  4414 | D:5      | Noticed Menkaure
  4427 | D:5      | Killed Menkaure
  4861 | D:5      | Found a burning altar of Makhleb.
  4861 | D:5      | Found a shadowy altar of Dithmenos.
  4863 | D:5      | Found a sacrificial altar of Ru.
  4863 | D:5      | Found a sparkling altar of Nemelex Xobeh.
  4868 | D:5      | Found an ancient bone altar of Kikubaaqudgha.
  4870 | D:5      | Found a white marble altar of Elyvilon.
  5105 | D:5      | Found a staircase to the Ecumenical Temple.
  5351 | D:6      | Reached ** piety under Okawaru
  5438 | D:6      | Reached skill level 7 in Long Blades
  5438 | D:6      | Reached XP level 8. HP: 37/58 MP: 8/8
  5659 | D:6      | Found a deep blue altar of Sif Muna.
  5695 | D:6      | Identified Sif Muna's Papyrus of Toxins
  5980 | D:6      | Noticed Edmund
  5989 | D:6      | Killed Edmund
  5989 | D:6      | Reached skill level 8 in Long Blades
  6245 | D:6      | Noticed Sigmund
  6254 | D:6      | Killed Sigmund
  6291 | D:6      | Found a runed translucent door.
  6292 | D:6      | Noticed Crazy Yiuf
  6306 | D:6      | Killed Crazy Yiuf
  6861 | D:7      | HP: 2/58 [wyvern zombie (5)]
  7172 | D:7      | Reached XP level 9. HP: 33/64 MP: 9/9
  7352 | D:7      | Reached skill level 9 in Long Blades
  7393 | D:7      | Noticed a hippogriff
  7410 | D:7      | Killed a hippogriff
  7665 | D:7      | Noticed a hippogriff
  7673 | D:7      | Killed a hippogriff
  7673 | D:7      | Reached *** piety under Okawaru
  8261 | D:8      | Noticed a hornet
  8268 | D:7      | Reached skill level 10 in Long Blades
  8401 | D:8      | Killed a hornet
  8492 | D:8      | Noticed a two-headed ogre
  8527 | D:8      | Noticed a two-headed ogre
  8544 | D:8      | Killed a two-headed ogre
  8544 | D:8      | Reached **** piety under Okawaru
  8544 | D:8      | Reached skill level 11 in Long Blades
  8544 | D:8      | Reached XP level 10. HP: 36/70 MP: 8/10
  8648 | D:8      | Found Ranecoh's Book Shop.
  8826 | D:8      | Found a flagged portal.
  8835 | Bailey   | Entered a bailey
  8859 | Bailey   | HP: 2/70 [orc/+0 halberd (7)]
  8892 | Bailey   | Reached skill level 12 in Long Blades
 10126 | Bailey   | HP: 1/70 [orc warrior/+0 glaive (21)]
 10530 | Bailey   | Slain by an orc warrior

Skill      XL: |  1  2  3  4  5  6  7  8  9 10 |
---------------+-------------------------------+-----
Shields        | 4 5 6 8 9 |  9.0
Long Blades    | 3 4 5 7 8 11 12 | 12.5
Fighting       | |  3.2
Armour         | |  3.2

Action                   |  1- 3 |  4- 6 |  7- 9 | 10-12 || total
-------------------------+-------+-------+-------+-------++-------
Melee: Long sword        |   124 |   216 |   357 |   194 ||   891
Invok: Heroism           |       |       |     5 |     7 ||    12
 Abil: Dig               |       |     2 |     2 |       ||     4
  Use: Potion            |       |       |       |     4 ||     4
       Scroll            |       |       |       |     2 ||     2
 Stab: Invisible         |       |       |       |     3 ||     3
  Eat: Chunk             |     2 |    10 |    14 |     6 ||    32
Armor: Scale mail        |    53 |    88 |    69 |    22 ||   232
Dodge: Dodged            |    46 |    83 |    91 |    55 ||   275
Block: Shield            |    71 |   137 |   208 |   168 ||   584
       Reflection        |       |       |     3 |     5 ||     8
       Rpst.: Long sword |    12 |    33 |    30 |    11 ||    86
